Canadiens vs Sabres

Created - May 3, 2024 at 22:28

Goals
1 2 3 OT1 T
Canadiens 1 1 1 1 4
Sabres 0 2 1 0 3
Shots
1 2 3 OT1 T
Canadiens 8 13 13 1 35
Sabres 8 11 7 0 26

1st period

1. Canadiens , Brock Nelson 1 (Nick Jensen 2, Evgeny Kuznetsov 2) at 7:13

Penalties :
Josh Manson (BUF) for Hooking (Minor) at 17:15

2nd period

2. Sabres , Dawson Mercer 1 (Dylan Cozens 3) at 8:45
3. Canadiens , Mathieu Joseph 1 (Travis Hamonic 2, Damon Severson 1) at 10:37
4. Sabres , Gabriel Vilardi 2 (Ivan Barbashev 5, Kris Letang 2) at 13:41

Penalties :
Hampus Lindholm (MON) for Holding (Minor) at 10:46

3rd period

5. Canadiens , Bo Horvat 2 (Joe Pavelski 1) at 18:02 (PP)
6. Sabres , Evgeni Malkin 4 (Nazem Kadri 1, Evan Bouchard 3) at 19:44

Penalties :
Dylan Larkin (BUF) for Tripping (Minor) at 10:50, Dylan Larkin (BUF) for High sticking (Minor) at 16:13

Overtime #1

7. Canadiens , Viktor Arvidsson 2 (Evgeny Kuznetsov 3, Johnny Gaudreau 2) at 0:38 (PP)

Penalties :
Connor Murphy (BUF) for Tripping (Minor) at 0:32

Goalie Stats

Antti Raanta (MON), 23 saves from 26 shots - (0.885), W, 2-2-0, 60:39 minutes
Alexandar Georgiev (BUF), 31 saves from 35 shots - (0.886), OTL, 3-0-1, 59:01 minutes

Players Stats for Canadiens

Player Name              G  A  P  +/- PIM S  H  SB GA TA FO     MP     PP MP  PK MP  
------------------------------------------------------------------------------------
Anders Bjork             0  0  0  -1  0   1  2  0  0  0  0/1    14:42   0:00   0:00 
Bo Horvat                1  0  1   0  0   7  3  0  0  0  15/28  19:45   3:06   0:26 
Brock Nelson             1  0  1  -1  0   4  0  1  0  0  0/0    18:12   3:06   0:00 
Damon Severson           0  1  1   0  0   1  0  1  0  0  0/0    19:03   3:04   0:06 
David Savard             0  0  0   0  0   1  4  0  0  0  0/0    18:39   0:00   1:00 
Derek Grant              0  0  0   1  0   1  1  0  0  0  0/1     7:53   0:24   0:43 
Evgeny Kuznetsov         0  2  2  -1  0   1  2  0  0  0  10/25  18:41   2:23   0:00 
Hampus Lindholm          0  0  0  -1  2   1  1  1  0  0  0/0    22:03   2:49   0:00 
Jake Evans               0  0  0   1  0   0  0  1  0  0  1/7     8:10   0:24   1:00 
Joe Pavelski             0  1  1  -1  0   3  5  0  0  0  1/1    18:12   3:06   0:00 
Johnny Gaudreau          0  1  1   0  0   4  0  0  0  0  0/2    18:42   2:23   0:06 
Mathieu Joseph           1  0  1   1  0   1  0  0  0  0  0/0     7:46   0:00   1:00 
Nick Jensen              0  1  1   0  0   1  2  1  0  0  0/0    19:02   0:24   0:59 
Reilly Smith             0  0  0   0  0   4  2  0  0  0  0/0    18:38   2:25   0:00 
Sean Monahan             0  0  0  -1  0   1  0  0  0  0  12/14  17:41   3:28   0:43 
Travis Hamonic           0  1  1   0  0   0  2  1  0  0  0/0    16:47   0:00   0:54 
Viktor Arvidsson         1  0  1  -1  0   3  1  0  0  0  0/1    17:05   2:23   0:00 
Vladislav Gavrikov       0  0  0  -1  0   1  0  1  0  0  0/0    20:14   0:00   0:59 

Players Stats for Sabres

Player Name              G  A  P  +/- PIM S  H  SB GA TA FO     MP     PP MP  PK MP  
------------------------------------------------------------------------------------
Connor Murphy            0  0  0   1  2   1  3  0  0  0  0/0    18:54   0:00   2:26 
Dawson Mercer            1  0  1  -1  0   2  1  2  0  0  0/0    17:02   0:38   0:15 
Drew Doughty             0  0  0   1  0   1  0  1  0  0  0/0    20:03   0:45   2:37 
Dylan Cozens             0  1  1  -1  0   2  0  0  0  0  0/1    17:43   0:45   0:49 
Dylan Larkin             0  0  0  -1  4   2  1  0  0  0  12/16  16:52   0:45   0:00 
Evan Bouchard            0  1  1   0  0   2  0  0  0  0  0/0    21:02   0:45   0:00 
Evgeni Malkin            1  0  1   2  0   2  1  0  0  0  9/15   17:03   1:14   0:00 
Gabriel Vilardi          1  0  1   1  0   1  0  1  0  0  0/1    15:54   0:45   0:00 
Ivan Barbashev           0  1  1   1  0   1  1  0  0  0  1/3    15:09   0:00   0:00 
Jack McBain              0  0  0   1  0   2  1  0  0  0  0/0    11:02   0:00   2:15 
Josh Anderson            0  0  0   0  0   2  1  0  0  0  0/1    13:56   1:14   0:00 
Josh Manson              0  0  0   0  2   0  4  1  0  0  0/0    17:31   0:00   1:43 
Kris Letang              0  1  1   1  0   1  1  2  0  0  0/0    23:49   1:14   1:44 
Nazem Kadri              0  1  1   1  0   2  1  1  0  0  8/21   17:28   1:14   2:52 
Nicolas Roy              0  0  0   0  0   1  0  0  0  0  1/2    11:32   0:36   2:49 
Paul Cotter              0  0  0   0  0   0  2  0  0  0  0/3    12:42   0:00   0:00 
Ryan McDonagh            0  0  0  -1  0   3  2  2  0  0  0/0    18:43   0:00   3:16 
Tomas Nosek              0  0  0   0  0   1  0  0  0  0  10/17  10:53   0:00   2:46 

3 Stars

1 - Evgeni Malkin (BUF)
2 - Bo Horvat (MON)
3 - Mathieu Joseph (MON)

Power Play

Canadiens - 2 on 4 Attempt(s) - 50.00%
Sabres - 0 on 1 Attempt(s) - 0.00%

Penalty Kill

Canadiens - 1 on 1 Attempt(s) - 100.00% - Score 0 goal in Penalty Kill
Sabres - 2 on 4 Attempt(s) - 50.00% - Score 0 goal in Penalty Kill

Team Stat

Canadiens - Hits : 25 - Faceoff Wins : 39 - Blocked Shots : 7 - Penalty Minutes : 2
Sabres - Hits : 19 - Faceoff Wins : 41 - Blocked Shots : 10 - Penalty Minutes : 8

Official

Referees : Chris Schlenker and Francois St Laurent
Linesman : Travis Toomey and Jonathan Deschamps

Game Notes

No Game Note

Finance

Level 1 -- Attendance: 6000 (100.00%) -- Ticket Income $780,000
Level 2 -- Attendance: 5000 (100.00%) -- Ticket Income $225,000
Level 3 -- Attendance: 2000 (100.00%) -- Ticket Income $80,000
Level 4 -- Attendance: 4000 (100.00%) -- Ticket Income $140,000
Luxury Box -- Attendance: 1000 (100.00%) -- Ticket Income $100,000
Game was played at the HSBC Arena.
Total Attendance: 18000 (100.00%)
Total Ticket Income: $1,325,000
Other Income: $649,250
Total Income: $1,974,250

Canadiens

5 vs 5 Forward 
   Center                   Left Wing                Right Wing               Time % Phy DF OF 
 1 Bo Horvat                Johnny Gaudreau          Reilly Smith             32     0   4  1  
 2 Evgeny Kuznetsov         Brock Nelson             Joe Pavelski             30     0   1  4  
 3 Sean Monahan             Anders Bjork             Viktor Arvidsson         28     0   3  2  
 4 Jake Evans               Derek Grant              Mathieu Joseph           10     0   4  1  

5 vs 5 Defense 
   Defense                  Defense                                           Time % Phy DF OF 
 1 Hampus Lindholm          Vladislav Gavrikov                                37     1   3  1  
 2 David Savard             Nick Jensen                                       33     1   3  1  
 3 Damon Severson           Travis Hamonic                                    25     1   3  1  
 4 Damon Severson           Travis Hamonic                                    5      1   3  1  

PowerPlay Forward 
   Center                   Left Wing                Right Wing               Time % Phy DF OF 
 1 Bo Horvat                Brock Nelson             Joe Pavelski             60     0   0  5  
 2 Evgeny Kuznetsov         Johnny Gaudreau          Viktor Arvidsson         40     0   0  5  

PowerPlay Defense
   Defense                  Defense                                           Time % Phy DF OF 
 1 Hampus Lindholm          Reilly Smith                                      60     1   1  3  
 2 Damon Severson           Sean Monahan                                      40     1   1  3  

Penalty Kill 4 Players Forward 
   Center                   Wing                     Time % Phy DF OF 
 1 Jake Evans               Mathieu Joseph           60     0   4  1  
 2 Derek Grant              Sean Monahan             40     0   4  1  

Penalty Kill 4 Players Defense
   Defense                  Defense                  Time % Phy DF OF 
 1 David Savard             Travis Hamonic           60     1   4  0  
 2 Nick Jensen              Vladislav Gavrikov       40     1   4  0  

Penalty Kill - 3 Players Forward 
   Forward                                           Time % Phy DF OF 
 1 Jake Evans                                        60     1   4  0  
 2 Derek Grant                                       40     1   4  0  

Penalty Kill - 3 Players Defense
   Defense                  Defense                  Time % Phy DF OF 
 1 David Savard             Travis Hamonic           60     1   4  0  
 2 Nick Jensen              Vladislav Gavrikov       40     1   4  0  

4 vs 4 Forward 
   Center                   Wing                     Time % Phy DF OF 
 1 Bo Horvat                Joe Pavelski             60     1   2  2  
 2 Brock Nelson             Johnny Gaudreau          40     1   2  2  

4 vs 4 Defense
   Defense                  Defense                  Time % Phy DF OF 
 1 Hampus Lindholm          Vladislav Gavrikov       60     1   2  2  
 2 David Savard             Nick Jensen              40     1   2  2  

Last Minutes Offensive
   Center                   Left Wing                Right Wing               Defense                  Defense                  
   Bo Horvat                Brock Nelson             Joe Pavelski             Damon Severson           Hampus Lindholm          

Last Minutes Defensive
   Center                   Left Wing                Right Wing               Defense                  Defense                  
   Jake Evans               Derek Grant              Mathieu Joseph           David Savard             Travis Hamonic           

Goaltenders
Starting : Antti Raanta             
Backup : Craig Anderson           

Extra Forwards
Normal : Jake Evans, Mathieu Joseph, Evgeny Kuznetsov - PP : Derek Grant, Jake Evans - PK : Bo Horvat
Extra Defensemen
Normal : Travis Hamonic, Damon Severson, Nick Jensen - PP : Nick Jensen - PK : Hampus Lindholm, Damon Severson
Penalty Shots
Evgeny Kuznetsov, Sean Monahan, Joe Pavelski, Mathieu Joseph, Viktor Arvidsson
Custom OT Lines Forwards
Bo Horvat, Joe Pavelski, Brock Nelson, Johnny Gaudreau, Viktor Arvidsson, Reilly Smith, Sean Monahan, Evgeny Kuznetsov, Jake Evans, Derek Grant
Custom OT Lines Defensemen
Hampus Lindholm, David Savard, Travis Hamonic, Damon Severson, Nick Jensen

Scratches
Dysin Mayo (Healthy), Alex Nedeljkovic (Healthy)

Sabres

5 vs 5 Forward 
   Center                   Left Wing                Right Wing               Time % Phy DF OF 
 1 Dylan Larkin             Dylan Cozens             Dawson Mercer            31     0   1  4  
 2 Evgeni Malkin            Ivan Barbashev           Gabriel Vilardi          29     0   1  4  
 3 Nazem Kadri              Paul Cotter              Josh Anderson            25     1   2  2  
 4 Tomas Nosek              Jack McBain              Nicolas Roy              15     1   3  1  

5 vs 5 Defense 
   Defense                  Defense                                           Time % Phy DF OF 
 1 Drew Doughty             Kris Letang                                       30     1   3  1  
 2 Ryan McDonagh            Evan Bouchard                                     30     1   3  1  
 3 Connor Murphy            Josh Manson                                       30     1   3  1  
 4 Evan Bouchard            Kris Letang                                       10     0   1  4  

PowerPlay Forward 
   Center                   Left Wing                Right Wing               Time % Phy DF OF 
 1 Dylan Larkin             Dylan Cozens             Gabriel Vilardi          55     1   0  4  
 2 Nazem Kadri              Josh Anderson            Dawson Mercer            45     1   0  4  

PowerPlay Defense
   Defense                  Defense                                           Time % Phy DF OF 
 1 Evgeni Malkin            Kris Letang                                       55     1   1  3  
 2 Drew Doughty             Evan Bouchard                                     45     1   1  3  

Penalty Kill 4 Players Forward 
   Center                   Wing                     Time % Phy DF OF 
 1 Tomas Nosek              Nicolas Roy              50     1   4  0  
 2 Nazem Kadri              Jack McBain              50     2   3  0  

Penalty Kill 4 Players Defense
   Defense                  Defense                  Time % Phy DF OF 
 1 Ryan McDonagh            Josh Manson              50     0   5  0  
 2 Connor Murphy            Drew Doughty             50     0   5  0  

Penalty Kill - 3 Players Forward 
   Forward                                           Time % Phy DF OF 
 1 Tomas Nosek                                       50     1   4  0  
 2 Nazem Kadri                                       50     2   3  0  

Penalty Kill - 3 Players Defense
   Defense                  Defense                  Time % Phy DF OF 
 1 Ryan McDonagh            Josh Manson              50     0   5  0  
 2 Connor Murphy            Drew Doughty             50     0   5  0  

4 vs 4 Forward 
   Center                   Wing                     Time % Phy DF OF 
 1 Dylan Larkin             Dylan Cozens             50     1   0  4  
 2 Nazem Kadri              Gabriel Vilardi          50     1   0  4  

4 vs 4 Defense
   Defense                  Defense                  Time % Phy DF OF 
 1 Evgeni Malkin            Kris Letang              50     1   1  3  
 2 Drew Doughty             Evan Bouchard            50     1   1  3  

Last Minutes Offensive
   Center                   Left Wing                Right Wing               Defense                  Defense                  
   Dylan Larkin             Dylan Cozens             Evgeni Malkin            Drew Doughty             Kris Letang              

Last Minutes Defensive
   Center                   Left Wing                Right Wing               Defense                  Defense                  
   Tomas Nosek              Jack McBain              Nicolas Roy              Ryan McDonagh            Josh Manson              

Goaltenders
Starting : Alexandar Georgiev       
Backup : Marc-Andre Fleury        

Extra Forwards
Normal : Nazem Kadri, Dylan Larkin, Dylan Cozens - PP : Nazem Kadri, Dylan Larkin - PK : Dylan Larkin
Extra Defensemen
Normal : Drew Doughty, Kris Letang, Evan Bouchard - PP : Ryan McDonagh - PK : Kris Letang, Ryan McDonagh
Penalty Shots
Nicolas Roy, Gabriel Vilardi, Evgeni Malkin, Kris Letang, Nazem Kadri
Custom OT Lines Forwards
Dylan Larkin, Dylan Cozens, Evgeni Malkin, Gabriel Vilardi, Nazem Kadri, Ivan Barbashev, Dawson Mercer, Nicolas Roy, Tomas Nosek, Paul Cotter
Custom OT Lines Defensemen
Drew Doughty, Kris Letang, Ryan McDonagh, Josh Manson, Evan Bouchard

Scratches
Jarred Tinordi (Healthy), Ian Mitchell (Healthy), Drew O'Connor (Healthy)

% Time on Ice - Canadiens

Lines # - Real PCT - Wanted PCT - Time Play
Normal Forward
1 - 31% - 32% - 16:13
2 - 29% - 30% - 15:06
3 - 28% - 28% - 14:42
4 - 13% - 10% - 6:46
Normal Defense
1 - 36% - 37% - 19:15
2 - 33% - 33% - 17:39
3 - 26% - 25% - 13:38
4 - 4% - 5% - 2:15
PP Forward
1 - 59% - 60% - 3:30
2 - 41% - 40% - 2:23
PP Defense
1 - 48% - 60% - 2:49
2 - 52% - 40% - 3:04
PK Forward
1 - 77% - 60% - 1:32
2 - 23% - 40% - 0:27
PK Defense
1 - 50% - 60% - 1:00
2 - 50% - 40% - 0:59
PK3 Forward
1 - 0% - 60%
2 - 0% - 40%
PK3 Defense
1 - 0% - 60%
2 - 0% - 40%
44 Forward
1 - 0% - 60%
2 - 0% - 40%
44 Defense
1 - 0% - 60%
2 - 0% - 40%
Last Minute Offensive  - 0:00
Last Minute Defensive  - 0:00
Total
Forward - 60:39
Defense - 60:39

% Time on Ice - Sabres

Lines # - Real PCT - Wanted PCT - Time Play
Normal Forward
1 - 31% - 31% - 16:09
2 - 29% - 29% - 15:09
3 - 24% - 25% - 12:42
4 - 16% - 15% - 8:07
Normal Defense
1 - 31% - 30% - 16:01
2 - 30% - 30% - 15:27
3 - 30% - 30% - 15:49
4 - 9% - 10% - 4:50
PP Forward
1 - 38% - 55% - 0:45
2 - 62% - 45% - 1:14
PP Defense
1 - 62% - 55% - 1:14
2 - 38% - 45% - 0:45
PK Forward
1 - 48% - 50% - 2:49
2 - 52% - 50% - 3:04
PK Defense
1 - 56% - 50% - 3:16
2 - 44% - 50% - 2:37
PK3 Forward
1 - 0% - 50%
2 - 0% - 50%
PK3 Defense
1 - 0% - 50%
2 - 0% - 50%
44 Forward
1 - 0% - 50%
2 - 0% - 50%
44 Defense
1 - 0% - 50%
2 - 0% - 50%
Last Minute Offensive  - 0:40
Last Minute Defensive  - 0:00
Total
Forward - 60:39
Defense - 60:39

Play-by-Play

1st period


0:01 of 1st period - Bo Horvat wins face-off versus Dylan Larkin in neutral zone.
0:29 of 1st period - Icing by Kris Letang.
0:30 of 1st period - Dylan Larkin wins face-off versus Evgeny Kuznetsov in Sabres zone.
0:30 of 1st period - Dylan Larkin is hit by Evgeny Kuznetsov.
1:26 of 1st period - Icing by Damon Severson.
1:27 of 1st period - Sean Monahan wins face-off versus Gabriel Vilardi in Canadiens zone.
1:27 of 1st period - Sean Monahan is hit by Ivan Barbashev.
2:38 of 1st period - Shot by Nazem Kadri.
2:38 of 1st period - Stopped by Antti Raanta without a rebound.
2:39 of 1st period - Tomas Nosek wins face-off versus Bo Horvat in Canadiens zone.
2:51 of 1st period - Icing by Evan Bouchard.
2:52 of 1st period - Joe Pavelski wins face-off versus Tomas Nosek in Sabres zone.
3:07 of 1st period - Tomas Nosek is hit by David Savard and loses puck.
3:20 of 1st period - Shot by Evan Bouchard.
3:20 of 1st period - Shot Misses the Net.
3:22 of 1st period - Shot by Ryan McDonagh.
3:22 of 1st period - Stopped by Antti Raanta without a rebound.
3:23 of 1st period - Bo Horvat wins face-off versus Nazem Kadri in Canadiens zone.
3:36 of 1st period - Reilly Smith is hit by Paul Cotter and loses puck.
3:57 of 1st period - Shot by Bo Horvat.
3:57 of 1st period - Stopped by Alexandar Georgiev without a rebound.
3:58 of 1st period - Sean Monahan wins face-off versus Ivan Barbashev in Sabres zone.
4:04 of 1st period - Icing by Drew Doughty.
4:05 of 1st period - Evgeni Malkin wins face-off versus Viktor Arvidsson in Sabres zone.
4:22 of 1st period - Shot by Gabriel Vilardi.
4:22 of 1st period - Shot Misses the Net.
4:24 of 1st period - Shot by Evgeni Malkin.
4:24 of 1st period - Shot Misses the Net.
5:35 of 1st period - Evan Bouchard is hit by Viktor Arvidsson and loses puck.
6:12 of 1st period - Shot by Dylan Larkin.
6:12 of 1st period - Shot Misses the Net.
6:52 of 1st period - Connor Murphy is hit by Joe Pavelski and loses puck.
6:57 of 1st period - Shot by Brock Nelson.
6:57 of 1st period - Shot Blocked by Dawson Mercer.
7:13 of 1st period - Shot by Brock Nelson.
7:13 of 1st period - Goal by Brock Nelson - Canadiens : 1 - Sabres : 0.
7:14 of 1st period - Nicolas Roy wins face-off versus Jake Evans in neutral zone.
8:03 of 1st period - Icing by Nick Jensen.
8:04 of 1st period - Bo Horvat wins face-off versus Evgeni Malkin in Canadiens zone.
8:17 of 1st period - Shot by Reilly Smith.
8:17 of 1st period - Shot Blocked by Ryan McDonagh.
8:37 of 1st period - Shot by Evgeni Malkin.
8:37 of 1st period - Shot Misses the Net.
9:02 of 1st period - Icing by Travis Hamonic.
9:03 of 1st period - Nazem Kadri wins face-off versus Evgeny Kuznetsov in Canadiens zone.
9:08 of 1st period - Shot by Nazem Kadri.
9:08 of 1st period - Shot Blocked by Travis Hamonic.
9:11 of 1st period - Icing by Damon Severson.
9:12 of 1st period - Dylan Larkin wins face-off versus Evgeny Kuznetsov in Canadiens zone.
9:40 of 1st period - Dawson Mercer is hit by Joe Pavelski and loses puck.
10:13 of 1st period - Kris Letang is hit by Anders Bjork and loses puck.
11:14 of 1st period - Ivan Barbashev is hit by David Savard and loses puck.
11:20 of 1st period - Icing by David Savard.
11:21 of 1st period - Tomas Nosek wins face-off versus Bo Horvat in Canadiens zone.
11:21 of 1st period - Josh Manson is hit by David Savard and loses puck.
11:34 of 1st period - Shot by Nicolas Roy.
11:34 of 1st period - Shot Misses the Net.
11:36 of 1st period - Shot by Tomas Nosek.
11:36 of 1st period - Shot Misses the Net.
11:47 of 1st period - Jack McBain is hit by David Savard and loses puck.
11:54 of 1st period - Shot by Jack McBain.
11:54 of 1st period - Stopped by Antti Raanta without a rebound.
11:55 of 1st period - Evgeni Malkin wins face-off versus Evgeny Kuznetsov in Canadiens zone.
12:33 of 1st period - Evgeny Kuznetsov is hit by Kris Letang and loses puck.
13:09 of 1st period - Shot by Dylan Cozens.
13:09 of 1st period - Shot Misses the Net.
13:11 of 1st period - Shot by Connor Murphy.
13:11 of 1st period - Stopped by Antti Raanta without a rebound.
13:12 of 1st period - Bo Horvat wins face-off versus Nazem Kadri in Canadiens zone.
13:42 of 1st period - Shot by Bo Horvat.
13:42 of 1st period - Stopped by Alexandar Georgiev without a rebound.
13:43 of 1st period - Sean Monahan wins face-off versus Dylan Larkin in Sabres zone.
13:43 of 1st period - Viktor Arvidsson is hit by Josh Manson and loses puck.
13:53 of 1st period - Sean Monahan is hit by Connor Murphy and loses puck.
14:04 of 1st period - Shot by Sean Monahan.
14:04 of 1st period - Stopped by Alexandar Georgiev with a rebound.
14:15 of 1st period - Dylan Larkin is hit by Hampus Lindholm and loses puck.
14:39 of 1st period - Icing by Sean Monahan.
14:40 of 1st period - Ivan Barbashev wins face-off versus Sean Monahan in Canadiens zone.
14:43 of 1st period - Shot by Evgeni Malkin.
14:43 of 1st period - Shot Hit the Post.
15:05 of 1st period - Shot by Evan Bouchard.
15:05 of 1st period - Shot Misses the Net.
15:13 of 1st period - Shot by Evgeni Malkin.
15:13 of 1st period - Stopped by Antti Raanta without a rebound.
15:14 of 1st period - Nazem Kadri wins face-off versus Evgeny Kuznetsov in Canadiens zone.
15:25 of 1st period - Shot by Josh Anderson.
15:25 of 1st period - Stopped by Antti Raanta without a rebound.
15:26 of 1st period - Bo Horvat wins face-off versus Tomas Nosek in Canadiens zone.
15:26 of 1st period - Bo Horvat is hit by Jack McBain.
16:01 of 1st period - Jack McBain is hit by Travis Hamonic and loses puck.
16:22 of 1st period - Shot by Nazem Kadri.
16:22 of 1st period - Shot Blocked by Damon Severson.
16:24 of 1st period - Shot by Evan Bouchard.
16:24 of 1st period - Stopped by Antti Raanta without a rebound.
16:25 of 1st period - Evgeny Kuznetsov wins face-off versus Dylan Larkin in Canadiens zone.
16:43 of 1st period - Joe Pavelski is hit by Josh Manson and loses puck.
17:15 of 1st period - Minor Penalty to Josh Manson for Hooking.
17:16 of 1st period - Evgeny Kuznetsov wins face-off versus Nazem Kadri in Sabres zone.
17:19 of 1st period - Shot by Hampus Lindholm.
17:19 of 1st period - Shot Blocked by Kris Letang.
17:33 of 1st period - Shot by Johnny Gaudreau.
17:33 of 1st period - Shot Misses the Net.
17:40 of 1st period - Icing by Hampus Lindholm.
17:41 of 1st period - Nazem Kadri wins face-off versus Evgeny Kuznetsov in Canadiens zone.
18:14 of 1st period - Shot by Sean Monahan.
18:14 of 1st period - Shot Blocked by Kris Letang.
18:16 of 1st period - Shot by Damon Severson.
18:16 of 1st period - Stopped by Alexandar Georgiev with a rebound.
18:18 of 1st period - Shot by Brock Nelson.
18:18 of 1st period - Stopped by Alexandar Georgiev without a rebound.
18:19 of 1st period - Nazem Kadri wins face-off versus Bo Horvat in Sabres zone.
18:57 of 1st period - Icing by Damon Severson.
18:58 of 1st period - Tomas Nosek wins face-off versus Bo Horvat in Canadiens zone.
19:16 of 1st period - Shot by Tomas Nosek.
19:16 of 1st period - Stopped by Antti Raanta with a rebound.
19:20 of 1st period - Shot by Ivan Barbashev.
19:20 of 1st period - Shot Misses the Net.
19:22 of 1st period - Shot by Kris Letang.
19:22 of 1st period - Deflect By Evgeni Malkin.
19:22 of 1st period - Shot Misses the Net.
19:40 of 1st period - Shot by Mathieu Joseph.
19:40 of 1st period - Deflect By Derek Grant.
19:40 of 1st period - Stopped by Alexandar Georgiev without a rebound.
19:41 of 1st period - Bo Horvat wins face-off versus Nazem Kadri in Sabres zone.
19:50 of 1st period - Shot by Nick Jensen.
19:50 of 1st period - Shot Misses the Net.
19:58 of 1st period - Shot by Johnny Gaudreau.
19:58 of 1st period - Stopped by Alexandar Georgiev without a rebound.
19:59 of 1st period - Dylan Larkin wins face-off versus Jake Evans in Sabres zone.
Goals for this period are 1 for Canadiens vs 0 for Sabres.
Shots for this period are 8 for Canadiens vs 8 for Sabres.

2nd period


0:01 of 2nd period - Evgeny Kuznetsov wins face-off versus Nazem Kadri in neutral zone.
0:01 of 2nd period - Brock Nelson is hit by Nazem Kadri and loses puck.
0:16 of 2nd period - Josh Anderson is hit by Joe Pavelski and loses puck.
0:21 of 2nd period - Shot by Brock Nelson.
0:21 of 2nd period - Stopped by Alexandar Georgiev with a rebound.
0:25 of 2nd period - Shot by Joe Pavelski.
0:25 of 2nd period - Shot Misses the Net.
0:27 of 2nd period - Shot by David Savard.
0:27 of 2nd period - Stopped by Alexandar Georgiev without a rebound.
0:28 of 2nd period - Evgeni Malkin wins face-off versus Bo Horvat in Sabres zone.
0:57 of 2nd period - Shot by Johnny Gaudreau.
0:57 of 2nd period - Shot Blocked by Gabriel Vilardi.
1:07 of 2nd period - Drew Doughty is hit by Bo Horvat and loses puck.
1:15 of 2nd period - Off-side.
1:16 of 2nd period - Dylan Larkin wins face-off versus Evgeny Kuznetsov in neutral zone.
1:31 of 2nd period - Shot by Brock Nelson.
1:31 of 2nd period - Shot Misses the Net.
1:50 of 2nd period - Shot by Brock Nelson.
1:50 of 2nd period - Shot Blocked by Dawson Mercer.
1:54 of 2nd period - Shot by Evgeny Kuznetsov.
1:54 of 2nd period - Shot Misses the Net.
3:09 of 2nd period - Shot by Johnny Gaudreau.
3:09 of 2nd period - Deflect By Bo Horvat.
3:09 of 2nd period - Stopped by Alexandar Georgiev without a rebound.
3:10 of 2nd period - Evgeni Malkin wins face-off versus Johnny Gaudreau in Sabres zone.
3:15 of 2nd period - Vladislav Gavrikov is hit by Evgeni Malkin and loses puck.
3:47 of 2nd period - Shot by Johnny Gaudreau.
3:47 of 2nd period - Shot Misses the Net.
4:27 of 2nd period - Shot by Dawson Mercer.
4:27 of 2nd period - Stopped by Antti Raanta with a rebound.
4:29 of 2nd period - Shot by Evan Bouchard.
4:29 of 2nd period - Shot Misses the Net.
4:31 of 2nd period - Shot by Dawson Mercer.
4:31 of 2nd period - Shot Blocked by Brock Nelson.
4:33 of 2nd period - Shot by Ryan McDonagh.
4:33 of 2nd period - Stopped by Antti Raanta without a rebound.
4:34 of 2nd period - Nazem Kadri wins face-off versus Derek Grant in Canadiens zone.
4:35 of 2nd period - Shot by Josh Anderson.
4:35 of 2nd period - Stopped by Antti Raanta without a rebound.
4:36 of 2nd period - Nazem Kadri wins face-off versus Jake Evans in Canadiens zone.
4:40 of 2nd period - Josh Anderson is hit by Nick Jensen and loses puck.
4:52 of 2nd period - David Savard is hit by Paul Cotter.
5:03 of 2nd period - Shot by Nazem Kadri.
5:03 of 2nd period - Shot Misses the Net.
5:16 of 2nd period - Nick Jensen is hit by Josh Anderson and loses puck.
5:36 of 2nd period - Icing by Sean Monahan.
5:37 of 2nd period - Sean Monahan wins face-off versus Dylan Cozens in Canadiens zone.
6:05 of 2nd period - Icing by Hampus Lindholm.
6:06 of 2nd period - Sean Monahan wins face-off versus Evgeni Malkin in Canadiens zone.
6:42 of 2nd period - Ivan Barbashev is hit by Travis Hamonic and loses puck.
7:05 of 2nd period - Shot by Joe Pavelski.
7:05 of 2nd period - Stopped by Alexandar Georgiev without a rebound.
7:06 of 2nd period - Dylan Larkin wins face-off versus Johnny Gaudreau in Sabres zone.
7:06 of 2nd period - Dylan Larkin is hit by Bo Horvat.
7:20 of 2nd period - Ryan McDonagh is hit by Reilly Smith and loses puck.
7:29 of 2nd period - Shot by Reilly Smith.
7:29 of 2nd period - Shot Misses the Net.
7:31 of 2nd period - Shot by Reilly Smith.
7:31 of 2nd period - Stopped by Alexandar Georgiev without a rebound.
7:32 of 2nd period - Tomas Nosek wins face-off versus Jake Evans in Sabres zone.
7:47 of 2nd period - Shot by Vladislav Gavrikov.
7:47 of 2nd period - Stopped by Alexandar Georgiev without a rebound.
7:48 of 2nd period - Evgeny Kuznetsov wins face-off versus Paul Cotter in Sabres zone.
8:13 of 2nd period - Shot by Evgeny Kuznetsov.
8:13 of 2nd period - Stopped by Alexandar Georgiev with a rebound.
8:45 of 2nd period - Shot by Dawson Mercer.
8:45 of 2nd period - Goal by Dawson Mercer - Canadiens : 1 - Sabres : 1.
8:46 of 2nd period - Bo Horvat wins face-off versus Tomas Nosek in neutral zone.
9:12 of 2nd period - Shot by Bo Horvat.
9:12 of 2nd period - Deflect By Reilly Smith.
9:12 of 2nd period - Shot Misses the Net.
9:25 of 2nd period - Icing by Kris Letang.
9:26 of 2nd period - Sean Monahan wins face-off versus Tomas Nosek in Sabres zone.
10:04 of 2nd period - Sean Monahan is hit by Ryan McDonagh and loses puck.
10:33 of 2nd period - Shot by Mathieu Joseph.
10:33 of 2nd period - Shot Misses the Net.
10:35 of 2nd period - Shot by Travis Hamonic.
10:35 of 2nd period - Shot Misses the Net.
10:37 of 2nd period - Shot by Mathieu Joseph.
10:37 of 2nd period - Goal by Mathieu Joseph - Canadiens : 2 - Sabres : 1.
10:38 of 2nd period - Bo Horvat wins face-off versus Ivan Barbashev in neutral zone.
10:46 of 2nd period - Minor Penalty to Hampus Lindholm for Holding.
10:47 of 2nd period - Jake Evans wins face-off versus Nazem Kadri in Canadiens zone.
11:20 of 2nd period - Shot by Josh Anderson.
11:20 of 2nd period - Shot Blocked by Jake Evans.
12:04 of 2nd period - Vladislav Gavrikov is hit by Dylan Larkin and loses puck.
12:25 of 2nd period - Shot by Kris Letang.
12:25 of 2nd period - Stopped by Antti Raanta with a rebound.
13:01 of 2nd period - Icing by Connor Murphy.
13:02 of 2nd period - Tomas Nosek wins face-off versus Bo Horvat in Sabres zone.
13:09 of 2nd period - Shot by Nicolas Roy.
13:09 of 2nd period - Shot Hit the Post.
13:11 of 2nd period - Shot by Jack McBain.
13:11 of 2nd period - Stopped by Antti Raanta without a rebound.
13:12 of 2nd period - Evgeni Malkin wins face-off versus Evgeny Kuznetsov in Canadiens zone.
13:33 of 2nd period - Shot by Evgeni Malkin.
13:33 of 2nd period - Shot Blocked by Nick Jensen.
13:35 of 2nd period - Shot by Ivan Barbashev.
13:35 of 2nd period - Stopped by Antti Raanta with a rebound.
13:37 of 2nd period - Shot by Drew Doughty.
13:37 of 2nd period - Stopped by Antti Raanta with a rebound.
13:41 of 2nd period - Shot by Ivan Barbashev.
13:41 of 2nd period - Deflect By Gabriel Vilardi.
13:41 of 2nd period - Goal by Gabriel Vilardi - Canadiens : 2 - Sabres : 2.
13:42 of 2nd period - Dylan Larkin wins face-off versus Bo Horvat in neutral zone.
14:06 of 2nd period - Shot by Reilly Smith.
14:06 of 2nd period - Stopped by Alexandar Georgiev without a rebound.
14:07 of 2nd period - Sean Monahan wins face-off versus Josh Anderson in Sabres zone.
14:26 of 2nd period - Connor Murphy is hit by Anders Bjork and loses puck.
14:36 of 2nd period - Shot by Sean Monahan.
14:36 of 2nd period - Shot Misses the Net.
14:38 of 2nd period - Shot by Sean Monahan.
14:38 of 2nd period - Shot Misses the Net.
14:40 of 2nd period - Shot by Travis Hamonic.
14:40 of 2nd period - Shot Hit the Post.
14:46 of 2nd period - Shot by Sean Monahan.
14:46 of 2nd period - Shot Blocked by Josh Manson.
15:08 of 2nd period - Shot by Bo Horvat.
15:08 of 2nd period - Stopped by Alexandar Georgiev without a rebound.
15:09 of 2nd period - Evgeny Kuznetsov wins face-off versus Evgeni Malkin in Sabres zone.
15:48 of 2nd period - Shot by Joe Pavelski.
15:48 of 2nd period - Deflect By Evgeny Kuznetsov.
15:48 of 2nd period - Shot Misses the Net.
16:23 of 2nd period - Bo Horvat is hit by Connor Murphy.
16:27 of 2nd period - Shot by Johnny Gaudreau.
16:27 of 2nd period - Stopped by Alexandar Georgiev with a rebound.
16:37 of 2nd period - Shot by Dylan Cozens.
16:37 of 2nd period - Stopped by Antti Raanta without a rebound.
16:38 of 2nd period - Nazem Kadri wins face-off versus Anders Bjork in Canadiens zone.
17:20 of 2nd period - Icing by Josh Anderson.
17:21 of 2nd period - Evgeny Kuznetsov wins face-off versus Paul Cotter in Sabres zone.
17:28 of 2nd period - Shot by Joe Pavelski.
17:28 of 2nd period - Stopped by Alexandar Georgiev without a rebound.
17:29 of 2nd period - Bo Horvat wins face-off versus Evgeni Malkin in Sabres zone.
18:04 of 2nd period - Shot by Johnny Gaudreau.
18:04 of 2nd period - Deflect By Bo Horvat.
18:04 of 2nd period - Stopped by Alexandar Georgiev without a rebound.
18:05 of 2nd period - Dylan Larkin wins face-off versus Evgeny Kuznetsov in Sabres zone.
18:05 of 2nd period - Dylan Larkin is hit by Joe Pavelski.
18:21 of 2nd period - Dawson Mercer is hit by Nick Jensen and loses puck.
18:24 of 2nd period - Shot by Dylan Cozens.
18:24 of 2nd period - Stopped by Antti Raanta without a rebound.
18:25 of 2nd period - Sean Monahan wins face-off versus Tomas Nosek in Canadiens zone.
19:12 of 2nd period - Off-side.
19:13 of 2nd period - Dylan Larkin wins face-off versus Bo Horvat in neutral zone.
19:27 of 2nd period - Icing by Dylan Larkin.
19:28 of 2nd period - Dylan Larkin wins face-off versus Evgeny Kuznetsov in Sabres zone.
Goals for this period are 1 for Canadiens vs 2 for Sabres.
Shots for this period are 13 for Canadiens vs 11 for Sabres.

3rd period


0:01 of 3rd period - Evgeni Malkin wins face-off versus Bo Horvat in neutral zone.
0:01 of 3rd period - Evan Bouchard is hit by Bo Horvat and loses puck.
0:12 of 3rd period - Shot by Gabriel Vilardi.
0:12 of 3rd period - Shot Misses the Net.
0:14 of 3rd period - Shot by Evgeni Malkin.
0:14 of 3rd period - Shot Misses the Net.
0:16 of 3rd period - Shot by Gabriel Vilardi.
0:16 of 3rd period - Shot Blocked by Hampus Lindholm.
0:18 of 3rd period - Shot by Evan Bouchard.
0:18 of 3rd period - Stopped by Antti Raanta without a rebound.
0:19 of 3rd period - Evgeny Kuznetsov wins face-off versus Nazem Kadri in Canadiens zone.
0:25 of 3rd period - Off-side.
0:26 of 3rd period - Evgeni Malkin wins face-off versus Bo Horvat in neutral zone.
1:25 of 3rd period - Shot by Nick Jensen.
1:25 of 3rd period - Stopped by Alexandar Georgiev with a rebound.
1:43 of 3rd period - Shot by Anders Bjork.
1:43 of 3rd period - Shot Blocked by Ryan McDonagh.
2:13 of 3rd period - Shot by Evgeny Kuznetsov.
2:13 of 3rd period - Shot Misses the Net.
3:39 of 3rd period - Shot by Johnny Gaudreau.
3:39 of 3rd period - Stopped by Alexandar Georgiev without a rebound.
3:40 of 3rd period - Sean Monahan wins face-off versus Nazem Kadri in Sabres zone.
3:45 of 3rd period - Shot by Viktor Arvidsson.
3:45 of 3rd period - Stopped by Alexandar Georgiev without a rebound.
3:46 of 3rd period - Bo Horvat wins face-off versus Nazem Kadri in Sabres zone.
3:47 of 3rd period - Shot by Johnny Gaudreau.
3:47 of 3rd period - Shot Blocked by Drew Doughty.
3:49 of 3rd period - Shot by Nick Jensen.
3:49 of 3rd period - Shot Misses the Net.
3:51 of 3rd period - Shot by Reilly Smith.
3:51 of 3rd period - Deflect By Johnny Gaudreau.
3:51 of 3rd period - Stopped by Alexandar Georgiev without a rebound.
3:52 of 3rd period - Bo Horvat wins face-off versus Nazem Kadri in Sabres zone.
4:27 of 3rd period - Shot by Nazem Kadri.
4:27 of 3rd period - Stopped by Antti Raanta without a rebound.
4:28 of 3rd period - Dylan Larkin wins face-off versus Evgeny Kuznetsov in Canadiens zone.
4:43 of 3rd period - Joe Pavelski is hit by Josh Manson and loses puck.
4:58 of 3rd period - Shot by Brock Nelson.
4:58 of 3rd period - Stopped by Alexandar Georgiev without a rebound.
4:59 of 3rd period - Tomas Nosek wins face-off versus Sean Monahan in Sabres zone.
5:06 of 3rd period - Shot by Viktor Arvidsson.
5:06 of 3rd period - Stopped by Alexandar Georgiev without a rebound.
5:07 of 3rd period - Nazem Kadri wins face-off versus Bo Horvat in Sabres zone.
5:47 of 3rd period - Icing by Josh Anderson.
5:48 of 3rd period - Sean Monahan wins face-off versus Nazem Kadri in Sabres zone.
6:08 of 3rd period - Shot by Sean Monahan.
6:08 of 3rd period - Shot Blocked by Nazem Kadri.
6:53 of 3rd period - Icing by Dylan Cozens.
6:54 of 3rd period - Dylan Larkin wins face-off versus Bo Horvat in Sabres zone.
7:09 of 3rd period - Shot by Dylan Cozens.
7:09 of 3rd period - Shot Misses the Net.
7:15 of 3rd period - Shot by Dylan Larkin.
7:15 of 3rd period - Stopped by Antti Raanta without a rebound.
7:16 of 3rd period - Tomas Nosek wins face-off versus Evgeny Kuznetsov in Canadiens zone.
7:41 of 3rd period - Jack McBain is hit by Joe Pavelski and loses puck.
8:04 of 3rd period - Travis Hamonic is hit by Ryan McDonagh and loses puck.
9:02 of 3rd period - Shot by Dylan Cozens.
9:02 of 3rd period - Deflect By Dylan Larkin.
9:02 of 3rd period - Stopped by Antti Raanta without a rebound.
9:03 of 3rd period - Sean Monahan wins face-off versus Evgeni Malkin in Canadiens zone.
9:33 of 3rd period - Icing by Vladislav Gavrikov.
9:34 of 3rd period - Sean Monahan wins face-off versus Dylan Larkin in Canadiens zone.
9:34 of 3rd period - Sean Monahan is hit by Dawson Mercer.
9:42 of 3rd period - Shot by Anders Bjork.
9:42 of 3rd period - Stopped by Alexandar Georgiev without a rebound.
9:43 of 3rd period - Bo Horvat wins face-off versus Paul Cotter in Sabres zone.
9:50 of 3rd period - Paul Cotter is hit by Reilly Smith and loses puck.
10:03 of 3rd period - Shot by Nazem Kadri.
10:03 of 3rd period - Shot Misses the Net.
10:50 of 3rd period - Minor Penalty to Dylan Larkin for Tripping.
10:51 of 3rd period - Tomas Nosek wins face-off versus Evgeny Kuznetsov in Sabres zone.
12:19 of 3rd period - Shot by Joe Pavelski.
12:19 of 3rd period - Shot Misses the Net.
14:01 of 3rd period - Shot by Dylan Larkin.
14:01 of 3rd period - Shot Misses the Net.
14:45 of 3rd period - Shot by Ryan McDonagh.
14:45 of 3rd period - Stopped by Antti Raanta with a rebound.
14:59 of 3rd period - Shot by Reilly Smith.
14:59 of 3rd period - Stopped by Alexandar Georgiev with a rebound.
15:01 of 3rd period - Shot by Hampus Lindholm.
15:01 of 3rd period - Stopped by Alexandar Georgiev with a rebound.
15:03 of 3rd period - Shot by Reilly Smith.
15:03 of 3rd period - Shot Misses the Net.
15:07 of 3rd period - Shot by Reilly Smith.
15:07 of 3rd period - Stopped by Alexandar Georgiev without a rebound.
15:08 of 3rd period - Tomas Nosek wins face-off versus Jake Evans in Sabres zone.
15:08 of 3rd period - Tomas Nosek is hit by Derek Grant.
15:21 of 3rd period - Icing by Nicolas Roy.
15:22 of 3rd period - Tomas Nosek wins face-off versus Bo Horvat in Sabres zone.
15:44 of 3rd period - Shot by Bo Horvat.
15:44 of 3rd period - Stopped by Alexandar Georgiev with a rebound.
16:13 of 3rd period - Minor Penalty to Dylan Larkin for High sticking.
16:14 of 3rd period - Bo Horvat wins face-off versus Nazem Kadri in Sabres zone.
16:52 of 3rd period - Bo Horvat is hit by Josh Manson and loses puck.
17:33 of 3rd period - Icing by Sean Monahan.
17:34 of 3rd period - Evgeny Kuznetsov wins face-off versus Nicolas Roy in Canadiens zone.
17:40 of 3rd period - Shot by Nicolas Roy.
17:40 of 3rd period - Stopped by Antti Raanta without a rebound.
17:41 of 3rd period - Bo Horvat wins face-off versus Nazem Kadri in Canadiens zone.
18:02 of 3rd period - Shot by Bo Horvat.
18:02 of 3rd period - Goal by Bo Horvat - Canadiens : 3 - Sabres : 2.
18:03 of 3rd period - Dylan Larkin wins face-off versus Jake Evans in neutral zone.
18:06 of 3rd period - Sabres, Alexandar Georgiev is pulled from the net.
18:16 of 3rd period - Shot by Dylan Larkin.
18:16 of 3rd period - Deflect By Dylan Cozens.
18:16 of 3rd period - Shot Misses the Net.
19:42 of 3rd period - Shot by Nazem Kadri.
19:42 of 3rd period - Shot Blocked by Vladislav Gavrikov.
19:44 of 3rd period - Shot by Evgeni Malkin.
19:44 of 3rd period - Goal by Evgeni Malkin - Canadiens : 3 - Sabres : 3.
19:44 of 3rd period - Alexandar Georgiev from Sabres was sent back in the game.
19:45 of 3rd period - Evgeni Malkin wins face-off versus Evgeny Kuznetsov in neutral zone.
19:45 of 3rd period - Ryan McDonagh is hit by Evgeny Kuznetsov and loses puck.
19:56 of 3rd period - Shot by Joe Pavelski.
19:56 of 3rd period - Stopped by Alexandar Georgiev without a rebound.
19:57 of 3rd period - Bo Horvat wins face-off versus Tomas Nosek in Sabres zone.
19:58 of 3rd period - Shot by Johnny Gaudreau.
19:58 of 3rd period - Shot Misses the Net.
Goals for this period are 1 for Canadiens vs 1 for Sabres.
Shots for this period are 13 for Canadiens vs 7 for Sabres.

Overtime #1


0:01 of 1st overtime period - Evgeni Malkin wins face-off versus Evgeny Kuznetsov in neutral zone.
0:03 of 1st overtime period - Off-side.
0:04 of 1st overtime period - Evgeny Kuznetsov wins face-off versus Evgeni Malkin in neutral zone.
0:22 of 1st overtime period - Brock Nelson is hit by Connor Murphy and loses puck.
0:25 of 1st overtime period - Shot by Vladislav Gavrikov.
0:25 of 1st overtime period - Shot Misses the Net.
0:32 of 1st overtime period - Minor Penalty to Connor Murphy for Tripping.
0:33 of 1st overtime period - Evgeny Kuznetsov wins face-off versus Tomas Nosek in Sabres zone.
0:38 of 1st overtime period - Shot by Viktor Arvidsson.
0:38 of 1st overtime period - Goal by Viktor Arvidsson - Canadiens : 4 - Sabres : 3.
Goals for this period are 1 for Canadiens vs 0 for Sabres.
Shots for this period are 1 for Canadiens vs 0 for Sabres.